AoeStats
← [NICE_ASS] BigMasi

Four Lakes

509927493Analyzed
1v1 RM · 3d ago on Sep 28, 2026· 30m 43s· 2 players
Game mode
Random Map
Map size
Tiny (2 player)
Population
200
Speed
Normal
Resources
Standard
Victory
Conquest
Starting age
Dark Age
Ending age
Imperial Age
RankedLock teamsTeams togetherTeam positionsShared explorationLock speedFull tech treeHidden civsTurbo modeCheats
Victory
Defeat
🇩🇪 Bengalis · Germany
1374
+16
🇨🇭 Varangians · Switzerland
1367
-16
[NICE_ASS] BigMasi
8:13 Loom
10:50 Feudal Age
12:21 Double-Bit Axe
16:19 Castle Age
17:00 Scale Mail Armor
17:52 Bow Saw
17:24 Horse Collar
17:30 Fishing Lines
22:32 Chain Mail Armor
28:43 Scale Barding Armor
29:13 Bloodlines
29:19 Husbandry
28:40 Light Cavalry
Alexxuss
8:06 Loom
10:12 Feudal Age
10:43 Double-Bit Axe
17:20 Castle Age
15:47 Gold Mining
16:31 Fletching
17:43 Padded Archer Armor
18:12 Bow Saw
19:40 Gold Shaft Mining
19:55 Sanctity
21:14 Medium Warships
21:56 Stone Mining
22:48 Leather Archer Armor
24:58 Fervor
26:10 Redemption
30:11 Atonement
Connection lost

Rejoining the realm…

Still unreachable

The connection could not be restored.

Session expired

The server has moved on; the page needs a fresh start.